 Dungeon Crawl Stone Soup version 0.31-a0-237-g2d982f9f85 (webtiles) character file.

Game seed: 5378883506117378650

8431 browni3141 the Martial Artist (level 11, -6/72 HPs)
             Began as an Octopode Transmuter on July 12, 2023.
             Was a High Priest of Fedhas.
             Mangled by a shadow (10 damage)
             ... on level 11 of the Dungeon.
             The game lasted 00:25:26 (12531 turns).

browni3141 the Martial Artist (OpTm)               Turns: 12531, Time: 00:25:26

Health: -6/72      AC:  3    Str: 13    XL:     11   Next: 30%
Magic:  0/17       EV: 13    Int: 16    God:    Fedhas [*****.]
Gold:   700        SH:  0    Dex: 13    Spells: 9/16 levels left

rFire   + .          .
                       - Unarmed
rCold   . . .        (no shield)
rNeg    . . .        J - +2 hat {Will+}
rPois   .            c - amulet of guardian spirit
rElec   .            s - ring of protection from fire
rCorr   .            (no ring)
SInv    .            (no ring)
Will    +....        (no ring)
Stlth   +++          (no ring)
HPRegen 0.32/turn    (no ring)
MPRegen 0.15/turn    (no ring)
                     (no ring)

%: guardian spirit
@: no status effects
A: almost no armour, amphibious, 8 rings, camouflage 1, gelatinous body 1,
(nimble swimmer 1), tentacles
a: Renounce Religion, Wall of Briars, Grow Ballistomycete, Overgrow, Grow Oklob


You were on level 11 of the Dungeon.
You worshipped Fedhas.
Fedhas was extremely pleased with you.
You visited 2 branches of the dungeon, and saw 12 of its levels.
You also visited: Ossuary.

You collected 700 gold pieces.

Inventory:

Hand Weapons
 b - a +3 sling of draining
 m - a +3 dagger of venom
 D - a +2 spectral lajatang
Missiles
 d - 24 poisoned darts
 B - 2 throwing nets
Armour
 J - a +2 hat of willpower (worn)
Jewellery
 c - an amulet of guardian spirit (around mantle)
 s - a ring of protection from fire (left tentacle)
Wands
 t - a wand of iceblast (11)
 A - a wand of mindburst (36)
 E - a wand of paralysis (5)
 F - a wand of flame (3)
Scrolls
 g - 5 scrolls of teleportation {unknown}
 h - a scroll of poison {unknown}
 j - 3 scrolls of enchant armour {unknown}
 k - 2 scrolls of amnesia {unknown}
 l - 5 scrolls of blinking {unknown}
 o - 2 scrolls of enchant weapon {unknown}
 u - a scroll of acquirement {unknown}
 y - 2 scrolls of immolation {unknown}
 C - 4 scrolls of vulnerability {unknown}
 G - a scroll of brand weapon {unknown}
 H - a scroll of fear {unknown}
Potions
 a - 4 potions of lignification
 f - 3 potions of attraction
 i - 3 potions of brilliance
 n - 6 potions of curing
 p - 3 potions of degeneration
 q - 5 potions of haste
 r - a potion of ambrosia
 v - 4 potions of mutation {unknown}
 w - 4 potions of heal wounds {unknown}
 x - 3 potions of cancellation {unknown}
 z - 3 potions of enlightenment {unknown}
 I - a potion of invisibility {unknown}


   Skills:
 - Level 6.0 Fighting
 * Level 7.4 Ranged Weapons
 - Level 3.0 Dodging
 - Level 4.0 Stealth
 - Level 8.0 Unarmed Combat
 - Level 3.0 Spellcasting
 - Level 8.0 Transmutations
 - Level 3.0 Ice Magic
 - Level 8.0 Invocations
 - Level 3.0 Evocations


You had 9 spell levels left.
You knew the following spells:

 Your Spells              Type           Power      Damage    Failure   Level
a - Beastly Appendage     Tmut           56%        N/A       1%          1
b - Wereblood             Tmut           28%        N/A       1%          2
c - Ice Form              Ice/Tmut       20%        N/A       19%         4

Your spell library contained the following spells:

 Spells                   Type           Power      Damage    Failure   Level
 Sting                    Tmut/Pois      60%        1d6       3%          1
 Passwall                 Tmut/Erth      12%        N/A       5%          2
 Spider Form              Tmut/Pois      15%        N/A       11%         3
 Magic Dart               Conj           8%         1d3       19%         1
 Sandblast                Erth           4%         2d4       19%         1
 Shock                    Conj/Air       8%         1d3       19%         1
 Blade Hands              Tmut           14%        N/A       19%         5
 Call Imp                 Summ           4%         N/A       28%         2
 Poisonous Vapours        Pois/Air       4%         N/A       28%         2
 Mephitic Cloud           Conj/Pois/Air  2%         N/A       50%         3
 Portal Projectile        Hex/Tloc       4%         N/A       50%         3
 Stone Arrow              Conj/Erth      4%         3d7       50%         3
 Swiftness                Air            2%         N/A       50%         3
 Tukima's Dance           Hex            2%         N/A       50%         3
 Airstrike                Air            1%         2d(1-17)  88%         4
 Olgreb's Toxic Radiance  Pois           2%         N/A       88%         4
 Summon Lightning Spire   Summ/Air       2%         N/A       88%         4
 Summon Forest            Summ/Tloc      1%         N/A       99%         5
 Eringya's Noxious Bog    Tmut/Pois      7%         4d6       99%         6
 Summon Hydra             Summ           1%         N/A       100%        7
 Animate Armour           Summ/Erth      Unusable   N/A       N/A         4

Dungeon Overview and Level Annotations

Branches:
Dungeon (11/15)            Temple (1/1) D:7             Orc (0/2) D:10
Ossuary (visited)
   Lair: D:8-11

Altars:
Ashenzari
Cheibriados
Dithmenos
Elyvilon
Fedhas
Gozag
Hepliaklqana
Kikubaaqudgha
Makhleb
Nemelex Xobeh
Okawaru
Qazlal
Ru
Sif Muna
Trog
Uskayaw
Vehumet
Wu Jian
Xom
Yredelemnul
Zin
The Shining One

Shops:
D:10 (

Annotations:
D:5 3 runed translucent doors, 123456's ghost, novice MiFi
D:10 exclusion: two-headed ogre


Innate Abilities, Weirdness & Mutations

You cannot wear most types of armour.
You are amphibious.
You can wear up to eight rings at the same time.
Your skin changes colour to match your surroundings (Stealth+).
Your rubbery body absorbs attacks. (AC +1, EV +1)
((You are camouflaged when in or above water. (Stealth+)))
You have tentacles for arms and can constrict up to eight enemies at once.


Message History

You kill the two-headed ogre!
Fedhas appreciates your contribution to the ecosystem.
Fedhas protects your plant from harm.
You hear a shout!
Your Ranged Weapons skill increases to level 7!
Your briar patch disappears in a puff of smoke!
A shadow comes into view.
Your ballistomycete spore explodes!
Fedhas protects your plant from harm.
The shadow slips into darkness.
The shadow flickers and vanishes!
Deactivating autopickup; reactivate with Ctrl-A.
Your briar patch disappears in a puff of smoke!
A centaur warrior comes into view.
The centaur warrior wields a +0 orcbow.
The centaur warrior shoots an arrow.
The arrow hits you!
Your ballistomycete disappears in a puff of smoke!
The centaur warrior shoots an arrow.
The arrow hits you!!
Aiming: Paralyse
Press: ? - help, Shift-Dir - straight line, f - centaur warrior
Aim: a centaur warrior, wielding a +0 orcbow (ally target, chance to affect: 38%)
The centaur warrior resists with some effort.
The centaur warrior shoots an arrow.
The arrow closely misses you.
The shadow strikes at you from the darkness!
* * * LOW HITPOINT WARNING * * *
Reactivating autopickup.
A centaur comes into view.
Unknown command.
Okay, then.
Unknown command.
Aiming: Mindburst
Press: ? - help, Shift-Dir - straight line, f/p - centaur warrior
Aim: a centaur warrior, wielding a +0 orcbow (ally target, chance to affect: 60%)
The centaur warrior resists with significant effort.
The centaur warrior shoots an arrow.
The arrow hits you!!
* * * LOW HITPOINT WARNING * * *
The centaur warrior shoots an arrow.
The arrow barely misses you. The shadow hits you!
You die...
Fedhas appreciates your contribution to the ecosystem.

##..##.........
...............
#..######†#######
#..#..........>.#
#..#............#
#..#............#
#..#.P.P........#
########+#..#.P.PW...§...###
............#..)@†.........#
............#........#######
............#c########
.....................
.....................
.....................
.....................
.......<.............
.....................


You could see a centaur warrior (ally target) and a shadow.

Vanquished Creatures
  Gastronok (D:10)
  A two-headed ogre (D:11)
  2 trolls
  A hornet (D:8)
  3 yaks
  A shadow (D:10)
  2 wraiths (D:11)
  3 steam dragons
  Duvessa (D:7)
  2 water moccasins
  An ice beast (D:7)
  2 orc warriors
  A sky beast (D:4)
  2 ogres
  A wolf (D:11)
  4 centaurs
  A phantom (D:6)
  5 kobold brigands
  Blork the orc (D:6)
  4 bullfrogs
  A scorpion (D:5)
  4 wights (D:10)
  12 killer bees
  A troll zombie (Ossuary)
  2 electric eels (D:11)
  11 howler monkeys
  2 jellies
  A human zombie (Ossuary)
  3 centaur zombies (Ossuary)
  Crazy Yiuf (D:3)
  A gnoll bouda (D:6)
  6 orc priests
  A hound (D:11)
  Jessica (D:3)
  4 iguanas
  11 orc wizards
  An ogre zombie (Ossuary)
  8 mummies
  Robin (D:3)
  4 gnolls (D:6)
  3 adders
  2 ufetubi
  6 adder zombies (Ossuary)
  2 worms (D:3)
  3 dart slugs
  27 orcs
  7 endoplasms
  3 giant cockroaches
  15 goblins
  8 hobgoblins
  3 quokkas
  4 ball pythons
  2 bats
  A frilled lizard (D:2)
  2 goblin zombies (Ossuary)
  A hobgoblin zombie (Ossuary)
  12 kobolds
  6 kobold zombies (Ossuary)
  6 quokka zombies (Ossuary)
  6 rats
  3 rat zombies (Ossuary)
  A spectral goblin (D:6)
238 creatures vanquished.

Vanquished Creatures (collateral kills)
  Sigmund (D:6)
  A bullfrog (D:7)
  A killer bee (D:7)
  2 hounds (D:11)
  A gnoll bouda (D:7)
  4 gnolls (D:7)
  5 ballistomycete spores
15 creatures vanquished.

Vanquished Creatures (others)
  Dowan (D:7)
  A gnoll (D:7)
2 creatures vanquished.

Grand Total: 255 creatures vanquished

Notes
Turn   | Place    | Note
-------+----------+-------------------------------------------
     0 | D:1      | browni3141 the Octopode Transmuter began the quest for the
                  | Orb.
     0 | D:1      | Reached XP level 1. HP: 13/13 MP: 3/3
   168 | D:1      | Reached XP level 2. HP: 18/18 MP: 1/5
   573 | D:1      | Learned a level 2 spell: Wereblood
   841 | D:2      | Reached XP level 3. HP: 24/24 MP: 6/6
   876 | D:2      | Found an ancient bone altar of Kikubaaqudgha.
  1361 | D:2      | Found a faded altar of an unknown god.
  1724 | D:2      | Prayed at the altar of an unknown god.
  1724 | D:2      | Became a worshipper of Fedhas Madash
  1724 | D:2      | Reached * piety under Fedhas
  1799 | D:3      | Noticed Jessica
  1801 | D:3      | Killed Jessica
  1802 | D:3      | Reached XP level 4. HP: 31/31 MP: 7/7
  1869 | D:3      | Noticed Robin
  1872 | D:3      | Killed Robin
  1873 | D:3      | Reached skill level 1 in Stealth
  1879 | D:3      | Reached ** piety under Fedhas
  2008 | D:3      | Found a bloodstained altar of Trog.
  2229 | D:3      | Found a runed translucent door.
  2230 | D:3      | Noticed Crazy Yiuf
  2240 | D:3      | Killed Crazy Yiuf
  2241 | D:3      | Reached XP level 5. HP: 25/37 MP: 2/8
  2355 | D:4      | Reached skill level 1 in Ranged Weapons
  2569 | D:4      | Noticed a sky beast
  2637 | D:4      | Killed a sky beast
  2638 | D:4      | Reached XP level 6. HP: 21/43 MP: 5/9
  2650 | D:4      | Found a sand-covered staircase.
  2769 | Ossuary  | Entered an ossuary
  3140 | Ossuary  | Reached XP level 7. HP: 48/48 MP: 6/10
  3148 | Ossuary  | Reached skill level 5 in Unarmed Combat
  3318 | Ossuary  | Reached *** piety under Fedhas
  4164 | D:5      | Entered Level 5 of the Dungeon
  4175 | D:5      | Found a runed translucent gate.
  4175 | D:5      | Found a runed translucent gate.
  4175 | D:5      | Found a runed translucent gate.
  4175 | D:5      | Noticed 123456's ghost (novice MiFi)
  4756 | D:5      | Found a snail-covered altar of Cheibriados.
  5523 | D:6      | Reached XP level 8. HP: 54/54 MP: 11/11
  5643 | D:6      | Reached skill level 1 in Invocations
  5755 | D:6      | Reached **** piety under Fedhas
  5964 | D:6      | Noticed Blork the orc
  5976 | D:6      | Killed Blork the orc
  5977 | D:6      | Reached skill level 5 in Transmutations
  5979 | D:6      | Noticed Sigmund
  5989 | D:6      | Killed Sigmund
  6037 | D:6      | Reached skill level 1 in Evocations
  6117 | D:6      | Found a hazy altar of Hepliaklqana.
  6516 | D:7      | Noticed Duvessa
  6516 | D:7      | Noticed Dowan
  6527 | D:7      | Reached XP level 9. HP: 55/58 MP: 10/13
  6539 | D:7      | Killed Dowan
  6560 | D:7      | Killed Duvessa
  6669 | D:7      | Reached skill level 5 in Invocations
  6823 | D:7      | Learned a level 4 spell: Ice Form
  6832 | D:7      | Reached skill level 1 in Ice Magic
  7151 | D:7      | Found a staircase to the Ecumenical Temple.
  7709 | Temple   | Entered the Ecumenical Temple
  8227 | D:8      | Reached XP level 10. HP: 65/65 MP: 6/14
  8548 | D:8      | Paralysed by a hornet for 1 turns
  8819 | D:8      | Found a hide-covered altar of Uskayaw.
  9421 | D:9      | Reached ***** piety under Fedhas
  9846 | D:9      | Reached skill level 5 in Fighting
  9974 | D:10     | Entered Level 10 of the Dungeon
 10127 | D:10     | Noticed a two-headed ogre
 10138 | D:10     | Found a staircase to the Orcish Mines.
 10432 | D:10     | Found Umusug's Antique Weapon Shop.
 10783 | D:10     | Found a broken altar of Ashenzari.
 10787 | D:10     | Found a radiant altar of Vehumet.
 10813 | D:10     | Found a shimmering altar of Xom.
 10814 | D:10     | Found a blossoming altar of Fedhas.
 10883 | D:10     | Noticed Gastronok
 11024 | D:10     | Killed Gastronok
 11868 | D:5      | Reached XP level 11. HP: 72/72 MP: 10/17
 11883 | D:5      | Reached skill level 5 in Ranged Weapons
 12070 | D:11     | Noticed a manticore
 12070 | D:11     | Noticed a catoblepas
 12477 | D:11     | Noticed a two-headed ogre
 12522 | D:11     | Killed a two-headed ogre
 12527 | D:11     | Noticed a centaur warrior
 12531 | D:11     | Mangled by a shadow

Illustrated notes

Levels and vault maps discovered:
D:1:      psy_arrival_fountain, layout_loops_ring
D:2:      minmay_door_path, layout_basic, basic_altar, basic_ecumenical_altar
D:3:      layout_rooms, trog_book, st_stairs_7, corexii_corridor_pit,
          uniq_jessica, uniq_crazy_yiuf_cottage, uniq_robin
D:4:      layout_gridville, gup_ossuary_entry_pyramid
D:5:      layout_basic, mainiacjoe_overflow_alcove_2, ebering_ghost_rock_garden
D:6:      layout_basic, nicolae_hepliaklqana_monster_ancestors, uniq_sigmund,
          uniq_blork_the_orc
D:7:      layout_layer_cave, minmay_temple_entry_ruins, uniq_duvessa
D:8:      layout_loops_ring, nicolae_uskayaw_suspiria, kb_lookout_dungeons_type,
          minmay_fractal_squares_gapless_5
D:9:      layout_basic, grunt_decor_junction
D:10:     layout_small_grid, nicolae_overflow_hidden_temple,
          minmay_orc_entry_temple_small, serial_shops,
          nicolae_shop_advertising_works [nicolae_subvault_shop_adworks],
          minmay_door_square, uniq_gastronok
D:11:     nzn_motion_control, layout_irregular_city, erik_lair_island,
          serial_glass, glass_columns_a, glass_columns_b, glass_columns_a,
          glass_columns_b, uniq_erica
Temple:   nicolae_temple_great_sept

Skill      XL: |  1  2  3  4  5  6  7  8  9 10 11 |
---------------+----------------------------------+-----
Fighting       | 2 3 4 6 |  6.0
Stealth        | 2 3 4 |  4.0
Ranged Weapons | 1 2 4 7 |  7.4
Unarmed Combat | 4 6 8 |  8.0
Invocations    | 3 6 8 |  8.0
Transmutations | 6 8 |  8.0
Evocations     | 1 3 |  3.0
Dodging        | 3 |  3.0
Spellcasting   | 3 |  3.0
Ice Magic      | 3 |  3.0

Action                     |  1- 3 |  4- 6 |  7- 9 | 10-12 || total
---------------------------+-------+-------+-------+-------++-------
  Melee: Unarmed           |    31 |    63 |   173 |   147 ||   414
         Kick              |    13 |    20 |    35 |       ||    68
         Constrict         |     8 |    20 |    34 |     1 ||    63
         Tentacles         |     2 |    17 |    49 |     1 ||    69
         Dagger            |       |     4 |       |       ||     4
         Punch             |       |     5 |     9 |       ||    14
         Lajatang          |       |       |     8 |       ||     8
   Fire: Sling             |    37 |    67 |    95 |   123 ||   322
   Cast: Beastly Appendage |    13 |     9 |    24 |     1 ||    47
         Wereblood         |       |     3 |     8 |     7 ||    18
         Ice Form          |       |       |     3 |    16 ||    19
 Invoke: Wall of Briars    |       |       |     3 |     2 ||     5
         Grow Ballistomyce |       |       |       |     3 ||     3
  Evoke: Wand              |       |       |     9 |     7 ||    16
    Use: Scroll            |       |       |       |     6 ||     6
   Stab: Sleeping          |     7 |     5 |    11 |       ||    23
         Paralysed         |       |       |     4 |       ||     4
 Armour: Skin              |     1 |    10 |    45 |    70 ||   126
  Dodge: Dodged            |    16 |    29 |   146 |    79 ||   270

Table legend: (Time is in decaauts)
 A = Elapsed time spent in this place.
 B = Non-inter-level travel time spent in this place.
 C = Inter-level travel time spent in this place.
 D = Time resting spent in this place.
 E = Time spent auto-exploring this place.
 F = Levels seen in this place.
 G = Mean time per level.
                   A        B        C        D        E       F      G
               +--------+--------+--------+--------+--------+-----+--------+
         Total |  12566 |  11834 |    732 |    674 |   8983 |  13 |  966.6 |
       Dungeon |  11616 |  10894 |    722 |    632 |   8373 |  11 | 1056.0 |
        Temple |     85 |     75 |     10 |      0 |     63 |   1 |   85.0 |
       Ossuary |    864 |    864 |      0 |     42 |    547 |   1 |  864.0 |
               +--------+--------+--------+--------+--------+-----+--------+

Top non-repeatable levels by time:
    D:10: 1924 daAuts
     D:5: 1452 daAuts
     D:7: 1243 daAuts
     D:8: 1212 daAuts
     D:6: 1102 daAuts
     D:9: 1065 daAuts
     D:2: 990 daAuts
     D:4: 977 daAuts
 Ossuary: 864 daAuts
     D:1: 783 daAuts
     D:3: 566 daAuts
    D:11: 296 daAuts
  Temple: 85 daAuts
